 Dungeon Crawl Stone Soup version 0.17.0-23-g0de4337 (console) character file.

1185 jw the Chopper (level 8, 0/57 HPs)
             Began as an Octopode Berserker on Nov 14, 2015.
             Was an Elder of Trog.
             Slain by a sky beast (6 damage)
             ... on level 5 of the Dungeon.
             The game lasted 00:15:58 (6850 turns).

jw the Chopper (Octopode Berserker)                 Turns: 6850, Time: 00:15:58

Health: 0/57       AC:  1    Str: 19    XL:     8   Next: 42%
Magic:  8/8        EV: 13    Int:  9    God:    Trog [****..]
Gold:   164        SH:  0    Dex: 14    Spells: 0 memorised, 7 levels left

rFire  . . .     SeeInvis .     a - +2 hand axe
rCold  + . .     Clarity  .     (no shield)
rNeg   . . .     SustAt   .     (helmet restricted)
rPois  .         Gourm    .     (no amulet)
rElec  .         Spirit   .     c - +3 ring of strength
rCorr  .         Warding  .     r - ring of protection from cold
rMut   .         Stasis   .     (no ring)
MR     .....                    (no ring)
Stlth  ++........               (no ring)
                                (no ring)
                                (no ring)
                                (no ring)

@: not resistant to hostile enchantments, unstealthy
A: almost no armour, amphibious, 8 rings, constrict 8, camouflage 1, gelatinous
body 1
a: Berserk, Trog's Hand, Brothers in Arms, Burn Spellbooks, Renounce Religion


You were on level 5 of the Dungeon.
You worshipped Trog.
Trog was greatly pleased with you.
You were not hungry.

You visited 1 branch of the dungeon, and saw 5 of its levels.

You collected 164 gold pieces.

Inventory:

Hand Weapons
 a - a +2 hand axe (weapon)
Missiles
 i - 3 needles of slowing
 n - 119 stones (quivered)
 p - 17 poisoned needles
Jewellery
 c - a +3 ring of strength (left tentacle)
 r - a ring of protection from cold (right tentacle)
Scrolls
 d - 3 scrolls of remove curse
 l - 3 scrolls of identify
Potions
 h - a potion of brilliance
 j - 2 potions of resistance
 k - a potion of curing
Comestibles
 b - 2 bread rations
 g - 2 meat rations
 m - 2 beef jerkies
 q - 2 slices of pizza


   Skills:
 + Level 5.8 Fighting
 * Level 7.5 Axes
 + Level 4.5 Throwing
 - Level 3.0 Dodging


You had 7 spell levels left.
You didn't know any spells.

Dungeon Overview and Level Annotations

Branches:
Dungeon (5/15)
 Temple: D:4-7

Altars:
Gozag
Kikubaaqudgha
Sif Muna
Trog
Vehumet
Zin

Annotations:
D:4 trolloc1's ghost, amateur GrBe


Innate Abilities, Weirdness & Mutations

You cannot wear most types of armour.
You are amphibious.
You can wear up to eight rings at the same time.
You can use your tentacles to constrict eight enemies at once.
Your skin changes colour to match your surroundings (Stealth).
Your rubbery body absorbs attacks (AC +1).


Message History

You miss something. Something hits you. Something shocks you.
MOVING TO (0,-2)
You miss something. Something hits you. Something shocks you.
MOVING TO (0,-1)
You barely miss something.
Attempting RANGED ATTACK TO (0,-2) Throwing (i - inventory. (,) - cycle):
f - a javelin (quivered)
Press: ? - help, Shift-Dir - straight line, f - bat
Aim: a bat You throw a javelin.
The javelin hits the bat!
You kill the bat!
Trog accepts your kill. Something hits you. Something shocks you.
ATTACKING (0,-1)
You barely miss something. Something hits you. Something shocks you.
MOVING TO (0,2) MOVING TO (0,1) MOVING TO (-2,0)
Something hits you. Something shocks you.
You die...

.....#.##### .. ...........###.
### .......####.##. ###>#
.....### #.##.##.#.# ##..##
#.##...(#.# #..## #.#####.#.#
##...### #.# #.#.#
.......####.#####.#.#
##[###..........x.#.############
##.# #.###...######............#
...###....................####.#
##....<###...######............#
####### ##.## #.#####.###### #.#
#.#####.##### #.# #.#.........#
#.# #.......).#.# #.#
###.###.#.#.#


There were no monsters in sight!

Table legend:
 A = Turns spent in this place as a percentage of turns spent in the entire game.
 B = Non-inter-level travel turns spent in this place as a percentage of non-inter-level travel turns spent in the entire game.
 C = Inter-level travel turns spent in this place as a percentage of turns spent in this place.
 D = Turns resting spent in this place as a percentage of non-inter-level travel turns spent in this place.
 E = Turns spent auto-exploring this place as a percentage of non-inter-level travel turns spent in this place.
 F = Non-inter-level travel turns spent in this place divided by the number of levels of this place that you've seen.
                   A       B       C       D       E      F
               +-------+-------+-------+-------+-------+----------------------
         Total | 100.0 | 100.0 |   0.7 |   1.5 |   2.6 | 1581.8
       Dungeon | 100.0 | 100.0 |   0.7 |   1.5 |   2.6 | 1581.8
               +-------+-------+-------+-------+-------+----------------------

Table legend:
 A = Kills in this place as a percentage of kills in entire the game.
 B = Kills by you in this place as a percentage of kills by you in the entire game.
 C = Kills by friends in this place as a percentage of kills by friends in the entire game.
 D = Other kills in this place as a percentage of other kills in the entire game.
 E = Experience gained in this place as a percentage of experience gained in the entire game.
 F = Experience gained in this place divided by the number of levels of this place that you have seen.
                   A       B       C       D       E      F
               +-------+-------+-------+-------+-------+----------------------
         Total | 100.0 | 100.0 |  -nan |  -nan | 100.0 | 338.8
       Dungeon | 100.0 | 100.0 |  -nan |  -nan | 100.0 | 338.8
               +-------+-------+-------+-------+-------+----------------------

Vanquished Creatures
  Grinder (D:3)
  Edmund (D:4)
  An ice beast (D:5)
  A phantom (D:5)
  An ogre (D:4)
  A crimson imp (D:5)
  3 hounds
  Ijyb (D:3)
  A centaur skeleton (D:5)
  2 orc priests
  Jessica (D:3)
  A giant frog skeleton (D:5)
  2 worker ants (D:4)
  2 hound skeletons
  14 adders
  An ooze (D:4)
  An adder skeleton (D:4)
  An adder zombie (D:5)
  4 worms
  3 giant geckos
  18 orcs
  5 giant cockroaches
  7 hobgoblins
  6 jackals
  12 kobolds
  5 quokkas
  4 ball pythons
  9 bats
  A giant gecko skeleton (D:5)
  6 giant newts
  7 goblins
  A jackal skeleton (D:4)
  A jackal zombie (D:5)
  11 rats
136 creatures vanquished.

Notes
Turn   | Place    | Note
--------------------------------------------------------------
     0 | D:1      | jw the Octopode Berserker began the quest for the Orb.
     0 | D:1      | Reached XP level 1. HP: 16/16 MP: 1/1
   234 | D:1      | Reached XP level 2. HP: 21/21 MP: 2/2
   351 | D:1      | Reached skill level 1 in Throwing
   917 | D:2      | Reached ** piety under Trog
  1087 | D:2      | Reached XP level 3. HP: 26/26 MP: 3/3
  1190 | D:2      | Found a deep blue altar of Sif Muna.
  1192 | D:2      | Found a radiant altar of Vehumet.
  1192 | D:2      | Found an ancient bone altar of Kikubaaqudgha.
  1197 | D:2      | Identified Vehumet's Almanac of Arcane Weapons {forbidden}
  1205 | D:2      | Identified Sif Muna's Almanac of Creation {forbidden}
  1213 | D:2      | Identified Kikubaaqudgha's Disquisition on Stolen Souls {forbidden}
  1325 | D:2      | HP: 1/26 [jackal (1)]
  1923 | D:2      | Found a bloodstained altar of Trog.
  1928 | D:2      | Reached skill level 4 in Axes
  1928 | D:2      | Reached XP level 4. HP: 28/32 MP: 4/4
  2963 | D:3      | Reached XP level 5. HP: 25/37 MP: 5/5
  3218 | D:3      | Noticed Ijyb
  3237 | D:3      | Killed Ijyb
  3599 | D:3      | Reached *** piety under Trog
  3819 | D:3      | Noticed Jessica
  3823 | D:3      | Killed Jessica
  4001 | D:3      | Noticed Grinder
  4075 | D:3      | Killed Grinder
  4075 | D:3      | Reached skill level 5 in Axes
  4075 | D:3      | Reached XP level 6. HP: 37/44 MP: 6/6
  4914 | D:4      | Reached XP level 7. HP: 41/49 MP: 7/7
  4983 | D:4      | Found an opulent altar of Gozag.
  4984 | D:4      | Found a glowing silver altar of Zin.
  5199 | D:4      | Reached skill level 6 in Axes
  5545 | D:4      | Noticed Edmund
  5552 | D:4      | Killed Edmund
  5552 | D:4      | Reached skill level 5 in Fighting
  5931 | D:4      | Noticed trolloc1's ghost (amateur GrBe)
  5952 | D:5      | Entered Level 5 of the Dungeon
  5972 | D:5      | Reached XP level 8. HP: 50/56 MP: 8/8
  6044 | D:5      | Reached skill level 7 in Axes
  6650 | D:5      | Reached **** piety under Trog
  6850 | D:5      | Slain by a sky beast

Action                   |  1- 3 |  4- 6 |  7- 9 || total
-------------------------+-------+-------+-------++-------
Melee: Hand axe          |    59 |    90 |   106 ||   255
Throw: Javelin           |    30 |    30 |    13 ||    73
       Stone             |       |    40 |    62 ||   102
       Tomahawk          |       |     7 |     9 ||    16
Invok: Berserk           |     1 |     1 |     1 ||     3
       Trog's Hand       |       |     2 |     2 ||     4
  Use: Scroll            |     4 |     4 |     2 ||    10
       Potion            |     4 |     5 |       ||     9
 Stab: Sleeping          |     4 |     6 |     5 ||    15
       Distracted        |       |     1 |       ||     1
  Eat: Chunk             |     4 |    11 |     3 ||    18
       Bread ration      |       |       |     1 ||     1

Vault maps used:
D:1:      nicolae_arrival_washed_ashore
D:2:      grunt_temple_overflow_magic_moments, lightli_temple_of_fire,
          first_bread
D:3:      nicolae_overflow_hidden_temple, grunt_ministairs_10, uniq_iyjb,
          uniq_grinder, uniq_jessica
D:4:      grunt_temple_overflow_gold_and_silver, minmay_misc_feat_encased,
          minmay_misc_feat_five, uniq_edmund
D:5:      serial_shops, shop, roderic_batcave
